 Dungeon Crawl Stone Soup version 0.22-a0-348-gd16d1391c7 (webtiles) character file.

16832 Kriby the Grappler (level 12, -2/122 HPs)
             Began as a Troll Monk on Apr 9, 2018.
             Was a High Priest of Jiyva.
             Slain by a black mamba (6 damage)
             ... on level 1 of the Lair of Beasts.
             The game lasted 00:23:12 (11723 turns).

Kriby the Grappler (Troll Monk)                    Turns: 11723, Time: 00:23:13

Health: -2/122     AC:  7    Str: 22    XL:     12   Next: 13%
Magic:  10/11      EV: 13    Int:  9    God:    Jiyva [*****.]
Gold:   648        SH:  0    Dex: 13    Spells: 11/11 levels left

rFire    + . .     SeeInvis +   (no weapon)
rCold    . . .     Gourm    +   (no shield)
rNeg     . . .     Faith    .   o - +2 robe {rF+}
rPois    .         Spirit   .   (helmet restricted)
rElec    .         Reflect  .   (no cloak)
rCorr    +         Harm     .   (gloves unavailable)
MR       .....                  (boots unavailable)
Stlth    +.........             s - amulet of magic regeneration
HPRegen  0.70/turn              f - +4 ring of evasion
MPRegen  0.37/turn              k - ring of see invisible

@: lethally poisoned (-2 -> -3), about to teleport, extremely drained
A: large, unfitting armour, claws 3, fast metabolism 3, gourmand, regeneration
1, shaggy fur 1, tough skin 2, jelly absorbing missiles
a: Request Jelly, Slimify, Cure Bad Mutation, Renounce Religion


You were on level 1 of the Lair of Beasts.
You worshipped Jiyva.
Jiyva was extremely pleased with you.
You were completely stuffed.

You visited 2 branches of the dungeon, and saw 13 of its levels.

You collected 648 gold pieces.

Inventory:

Missiles
 u - 3 javelins (quivered)
Armour
 a - a +0 robe
 m - a +0 shield
 o - a +2 robe of fire resistance (worn)
Jewellery
 f - a +4 ring of evasion (left claw)
 j - an uncursed ring of positive energy
 k - a ring of see invisible (right claw)
 s - an amulet of magic regeneration (around neck)
 t - an uncursed ring of positive energy
 v - an uncursed ring of ice
 B - an uncursed ring of protection from fire {unknown}
Wands
 l - a wand of polymorph (11)
 y - a wand of paralysis (10)
 z - a wand of flame (25)
Scrolls
 e - a scroll of teleportation
 g - 9 scrolls of identify
 h - 5 scrolls of remove curse
 i - 4 scrolls of immolation
 r - 2 scrolls of amnesia {unknown}
 w - a scroll of noise {unknown}
 x - a scroll of acquirement {unknown}
Potions
 d - 2 potions of flight
 q - a potion of mutation
Comestibles
 b - 21 rations
 n - 2 chunks of flesh


   Skills:
 + Level 8.9(0.0) Fighting
 + Level 8.9(0.0) Dodging
 - Level 1.0(0.0) Stealth
 * Level 13.9(0.0) Unarmed Combat


You had 11 spell levels left.
You didn't know any spells.

Dungeon Overview and Level Annotations

Branches:
Dungeon (12/15)            Temple (0/1) D:5            Lair (1/6) D:11
    Orc (0/2) D:12

Altars:
Ashenzari
Cheibriados
Dithmenos
Gozag
Hepliaklqana
Makhleb
Okawaru
Qazlal
Ru
Trog
Vehumet
Yredelemnul
Beogh
Jiyva

Shops:
D:9 !

Portals:
Trove: D:11 (give +6 demon trident)

Annotations:
D:2 2 transporters


Innate Abilities, Weirdness & Mutations

You are too large for most types of armour.
You have claws for hands.
Your metabolism is lightning-fast.
You like to eat raw meat.
Your natural rate of healing is unusually fast.
You are covered in fur. (AC +1)
You have very tough skin. (AC +2)
You have a small jelly attached to you that may absorb incoming projectiles.


Message History

You feel better. The black mamba bites you!
* * * LOW HITPOINT WARNING * * *
You are poisoned.
The black mamba poisons you!
The acid blob closely misses the black mamba.
The black mamba barely misses you.
Okay, then.
You feel better. The black mamba bites you!
* * * LOW HITPOINT WARNING * * *
You are poisoned.
The black mamba poisons you!
The acid blob hits the black mamba.
The black mamba is splashed with acid.
The black mamba barely misses you.
As you read the scroll of teleportation, it crumbles to dust.
You feel strangely unstable.
You feel sick. The black mamba closely misses you.
The acid blob hits the black mamba!
The black mamba is splashed with acid.
The acid corrodes the black mamba!
You barely miss the black mamba.
The black mamba is almost dead.
You feel sick. The black mamba bites you.
You die...

......... #..##
#.#####...#. #.###.#..
#..# #.........#. #.#
.# . #..# #######..#.#
#.# # #..# #...#. #.#
#.. #.#.P. #.# ###..
#..... .# ....##
########.#..#
#.#..######.#..##..##.#
#..JS@............# .#
##.#.##.########### #
#..###### #... .....
##..P. #..## #..


You could see a black mamba and a neutral acid blob (fellow slime).

Vanquished Creatures
  A vault guard (D:11)
  Harold (D:11)
  Erica (D:9)
  A death yak (D:8)
  4 two-headed ogres
  Sonja (D:12)
  An orc knight (D:12)
  A manticore (D:11)
  The ghost of Laan the Destroyer, a novice DEIE of Vehumet (D:7)
  Psyche (D:10)
  Joseph (D:7)
  A gargoyle (D:9)
  A troll (D:12)
  A slime creature (D:10)
  A meliai zombie (D:10)
  2 hippogriffs
  Eustachio (D:5)
  2 wyverns (D:9)
  A wraith (D:12)
  A spriggan (D:10)
  8 yaks
  A basilisk (D:11)
  Menkaure (D:5)
  A hungry ghost (D:10)
  Grum (D:11)
  An acid dragon (D:11)
  A porcupine (Lair:1)
  An orc warrior (D:11)
  2 sky beasts
  2 ice beasts (D:8)
  3 phantoms
  A black bear (D:12)
  4 ogres
  4 wolves (D:11)
  4 centaurs
  A crocodile (D:11)
  Blork the orc (D:5)
  A wyvern zombie (D:6)
  6 bullfrogs
  A water moccasin zombie (D:9)
  4 scorpions
  4 wights (D:12)
  6 killer bees
  3 electric eels (D:8)
  5 howler monkeys
  5 jellies
  2 crimson imps
  4 bullfrog zombies
  A quasit (D:7)
  A centaur zombie (D:6)
  A hound (D:8)
  3 centaur skeletons
  8 orc priests
  14 orc wizards
  2 iguanas (D:5)
  Terence (D:2)
  A gnoll shaman (D:5)
  5 worker ants
  A killer bee zombie (D:10)
  3 hound zombies
  A hound skeleton (D:5)
  Robin (D:2)
  A worker ant zombie (D:10)
  15 adders
  17 gnolls
  A shadow imp (D:5)
  3 white imps (D:8)
  A worker ant simulacrum (D:8)
  An ooze (D:4)
  2 ufetubi (D:8)
  4 worms
  5 dart slugs
  An adder simulacrum (D:8)
  6 leopard geckos
  40 orcs
  9 bats
  14 giant cockroaches
  16 goblins
  13 hobgoblins
  17 jackals
  6 quokkas
  4 frilled lizards
  A jackal skeleton (D:6)
  7 kobolds
  A quokka skeleton (D:7)
  3 rats
334 creatures vanquished.

Vanquished Creatures (others)
  An elephant (D:11)
  A centaur skeleton (D:12)
  A slime creature (D:11)
  A water moccasin (D:12)
  An acid dragon (D:11)
  2 orc warriors
  A necrophage (D:11)
  A centaur (D:10)
  A crocodile (Lair:1)
  16 jellies
  A bullfrog (D:10)
  A scorpion (D:12)
  5 wights (D:12)
  3 orc priests
  A worker ant (D:11)
  An adder (D:12)
  12 orcs
50 creatures vanquished.

Grand Total: 384 creatures vanquished

Notes
Turn   | Place    | Note
-------+----------+-------------------------------------------
     0 | D:1      | Kriby the Troll Monk began the quest for the Orb.
     0 | D:1      | Reached XP level 1. HP: 22/22 MP: 0/0
   145 | D:1      | Reached XP level 2. HP: 22/29 MP: 1/1
   604 | D:2      | Found a shattered altar of Ashenzari.
   624 | D:2      | Reached XP level 3. HP: 18/36 MP: 2/2
   644 | D:2      | HP: 1/36 [adder (3)]
   722 | D:2      | Found a transporter.
   773 | D:2      | Reached skill level 4 in Unarmed Combat
   797 | D:2      | Noticed Robin
   814 | D:2      | Reached XP level 4. HP: 34/44 MP: 3/3
   816 | D:2      | Gained mutation: You are frail. (-10% HP) [potion of mutation]
   816 | D:2      | Lost mutation: You are frail. (-10% HP) [potion of mutation]
   816 | D:2      | Gained mutation: You are partially covered in yellow scales. (AC +2) [potion of mutation]
   846 | D:2      | Killed Robin
   962 | D:2      | Noticed Terence
   971 | D:2      | Killed Terence
  1101 | D:2      | Found a transporter.
  1257 | D:2      | Reached XP level 5. HP: 53/53 MP: 4/4
  1443 | D:2      | Found a radiant altar of Vehumet.
  1532 | D:3      | Found a faded altar of an unknown god.
  1711 | D:3      | Found a stormy altar of Qazlal.
  1764 | D:3      | Found a snail-covered altar of Cheibriados.
  2105 | D:3      | Found a basalt altar of Yredelemnul.
  2339 | D:4      | Reached skill level 5 in Unarmed Combat
  2479 | D:4      | Reached XP level 6. HP: 48/61 MP: 5/5
  2768 | D:4      | Found an iron altar of Okawaru.
  3053 | D:5      | Entered Level 5 of the Dungeon
  3055 | D:5      | Found a staircase to the Ecumenical Temple.
  3154 | D:5      | Noticed Blork the orc
  3165 | D:5      | Killed Blork the orc
  3184 | D:5      | Reached skill level 6 in Unarmed Combat
  3184 | D:5      | Reached XP level 7. HP: 56/68 MP: 6/6
  3469 | D:5      | Noticed Menkaure
  3476 | D:5      | Killed Menkaure
  3552 | D:5      | Reached skill level 7 in Unarmed Combat
  3612 | D:5      | Reached XP level 8. HP: 64/79 MP: 7/7
  3734 | D:5      | Noticed Eustachio
  3747 | D:5      | Killed Eustachio
  4007 | D:6      | Found a bloodstained altar of Trog.
  4238 | D:6      | Found a hazy altar of Hepliaklqana.
  4277 | D:6      | Reached skill level 5 in Dodging
  4280 | D:6      | Reached skill level 8 in Unarmed Combat
  4292 | D:6      | Reached skill level 5 in Fighting
  4745 | D:7      | Noticed Laan's ghost (novice DEIE)
  4751 | D:7      | Killed Laan's ghost
  4751 | D:7      | Reached skill level 9 in Unarmed Combat
  4751 | D:7      | Reached XP level 9. HP: 74/88 MP: 8/8
  4860 | D:7      | Noticed Joseph
  4878 | D:7      | Killed Joseph
  5421 | D:8      | Reached skill level 10 in Unarmed Combat
  5706 | D:8      | Noticed a two-headed ogre
  5712 | D:8      | Killed a two-headed ogre
  5712 | D:8      | Reached XP level 10. HP: 100/100 MP: 9/9
  5796 | D:8      | Found an opulent altar of Gozag.
  5862 | D:8      | Found a sacrificial altar of Ru.
  5865 | D:8      | Found a shadowy altar of Dithmenos.
  6195 | D:8      | Noticed a death yak
  6213 | D:8      | Killed a death yak
  6213 | D:8      | Reached skill level 11 in Unarmed Combat
  7279 | D:9      | Found a burning altar of Makhleb.
  7282 | D:9      | Noticed a two-headed ogre
  7284 | D:9      | Found Peustu's Distillery.
  7286 | D:9      | Noticed Erica
  7303 | D:9      | Killed a two-headed ogre
  7372 | D:9      | Killed Erica
  7372 | D:9      | Reached skill level 12 in Unarmed Combat
  7700 | D:10     | Entered Level 10 of the Dungeon
  7707 | D:10     | Reached XP level 11. HP: 104/109 MP: 10/10
  7916 | D:10     | Found a viscous altar of Jiyva.
  7932 | D:10     | Became a worshipper of Jiyva Jeiguuhi the Shapeless
  7932 | D:10     | Reached * piety under Jiyva
  7932 | D:10     | Reached ** piety under Jiyva
  8139 | D:10     | Noticed a two-headed ogre
  8142 | D:10     | Noticed Psyche
  8145 | D:10     | Killed a two-headed ogre
  8147 | D:10     | Reached *** piety under Jiyva
  8154 | D:10     | Killed Psyche
  8272 | D:10     | Gained mutation: You have a small jelly attached to you that may absorb incoming projectiles. [Jiyva's grace]
  8543 | D:11     | Found a staircase to the Lair.
  8551 | D:11     | Reached **** piety under Jiyva
  8622 | D:11     | Gained mutation: You have acidic saliva. [Jiyva's grace]
  8641 | D:11     | Reached skill level 13 in Unarmed Combat
  8679 | D:11     | Noticed Grum
  8689 | D:11     | Killed Grum
  8826 | D:11     | Noticed a two-headed ogre
  8835 | D:11     | Killed a two-headed ogre
  8956 | D:11     | Found a portal to a secret trove of treasure.
  8956 | D:11     | Noticed a vault guard
  8967 | D:11     | Killed a vault guard
  9047 | D:11     | Reached ***** piety under Jiyva
  9064 | D:11     | Noticed Harold
  9073 | D:11     | Killed Harold
  9560 | D:12     | Lost mutation: You have acidic saliva. [Jiyva's grace]
  9639 | D:12     | Noticed Sonja
  9645 | D:12     | Noticed an orc knight
  9724 | D:12     | Killed an orc knight
  9724 | D:12     | Reached XP level 12. HP: 60/122 MP: 11/11
  9733 | D:12     | Lost mutation: You have a small jelly attached to you that may absorb incoming projectiles. [Jiyva's grace]
  9934 | D:12     | Noticed Erolcha
  9941 | D:12     | Slimified Erolcha
  9941 | D:12     | Noticed Erolcha
  9941 | D:12     | Erolcha changed into Erolcha the slime creature
 10209 | D:12     | Killed Sonja
 10673 | D:11     | Lost mutation: You are partially covered in yellow scales. (AC +2) [Jiyva's grace]
 11069 | D:12     | Reached ****** piety under Jiyva
 11139 | D:12     | Found a roughly hewn altar of Beogh.
 11139 | D:12     | Found a staircase to the Orcish Mines.
 11202 | Lair:1   | Entered Level 1 of the Lair of Beasts
 11324 | Lair:1   | HP: 6/122 [poisoned by a spiny frog]
 11634 | Lair:1   | Gained mutation: You have a small jelly attached to you that may absorb incoming projectiles. [Jiyva's grace]
 11672 | Lair:1   | Noticed a six-headed hydra
 11678 | Lair:1   | Slimified a six-headed hydra
 11678 | Lair:1   | Noticed an acid blob
 11678 | Lair:1   | a six-headed hydra changed into an acid blob
 11712 | Lair:1   | Noticed an eight-headed hydra
 11716 | Lair:1   | HP: 6/122 [nine-headed hydra (11)]
 11717 | Lair:1   | Slimified a nine-headed hydra
 11717 | Lair:1   | Noticed an acid blob
 11717 | Lair:1   | a nine-headed hydra changed into an acid blob
 11721 | Lair:1   | HP: 5/122 [black mamba (9)]
 11723 | Lair:1   | Slain by a black mamba

Vault maps used:
D:1:      minmay_arrival_cross, minmay_misc_feat_doors, kennysheep_boxes
D:2:      minmay_roachtagon, lemuel_round_altar,
          gammafunk_temple_overflow_arena, uniq_robin, uniq_terence
D:3:      kennysheep_slug_shrine, lemuel_doored_altar,
          nicolae_qazlal_eye_of_the_storm, chequers_ecumenical_altar_simple,
          first_ration, minmay_misc_feat_alley
D:4:      okawaru_gym_becter
D:5:      temple_fountains, sigmund_army, uniq_blork_the_orc, uniq_eustachio,
          uniq_menkaure
D:6:      nicolae_overflow_crystal_walls, kennysheep_little_box
D:7:      uniq_joseph
D:8:      nicolae_gozag_seed_capital, nicolae_overflow_hidden_temple,
          serial_ice, serial_ice_k, serial_ice_f, serial_ice_g, serial_ice_c
D:9:      lemuel_crystal_altar, serial_shops, shop, uniq_erica
D:10:     grunt_pizzeria, jiyva_altar_1, uniq_psyche
D:11:     david_lair_generic, enter_trove_5, kennysheep_another_room, uniq_grum,
          uniq_harold
D:12:     david_orc_5, uniq_erolcha, uniq_sonja, uniq_urug
Lair:1:   dragon1_lemuel

Skill      XL: |  1  2  3  4  5  6  7  8  9 10 11 |
---------------+----------------------------------+-----
Unarmed Combat | 4 5 6 7 9 10 12 13 | 13.9
Dodging        | 3 4 5 6 7 8 |  8.9
Fighting       | 3 4 5 6 7 8 |  8.9
Stealth        | |  1.0

Action                   |  1- 3 |  4- 6 |  7- 9 | 10-12 || total
-------------------------+-------+-------+-------+-------++-------
Melee: Unarmed           |   105 |   215 |   279 |   627 ||  1226
       Punch             |     3 |     1 |    15 |    36 ||    55
       Bite              |       |       |       |     7 ||     7
Throw: Javelin           |       |       |     4 |       ||     4
Invok: Slimify           |       |       |       |     5 ||     5
Evoke: Wand              |       |       |     2 |     6 ||     8
  Use: Potion            |     4 |     3 |     2 |     7 ||    16
       Scroll            |       |     8 |       |     8 ||    16
 Stab: Sleeping          |     1 |     5 |       |     4 ||    10
       Invisible         |       |       |     2 |     2 ||     4
       Paralysed         |       |       |       |     5 ||     5
  Eat: Chunk             |    13 |    20 |    25 |    47 ||   105
Armor: Robe              |    49 |    78 |    54 |   220 ||   401
Dodge: Dodged            |    80 |   107 |   212 |   559 ||   958

Table legend:
 A = Spawn XP
 B = Non-spawn XP
 C = Spawn XP percentage of total XP
 D = Spawn monster count
 E = Non-spawn monster count
 F = Spawn count percentage of total count
 G = Total turns spent on level
                    A         B        C        D         E        F      G
               +---------+---------+-------+---------+---------+-------+---------
         Total |       0 |   24046 |   0.0 |       0 |     336 |   0.0 | 11723
               +---------+---------+-------+---------+---------+-------+---------
           D:1 |       0 |      37 |   0.0 |       0 |      17 |   0.0 |   604
           D:2 |       0 |     197 |   0.0 |       0 |      47 |   0.0 |   927
           D:3 |       0 |      78 |   0.0 |       0 |      20 |   0.0 |   803
           D:4 |       0 |     197 |   0.0 |       0 |      24 |   0.0 |   719
           D:5 |       0 |    1210 |   0.0 |       0 |      27 |   0.0 |   894
           D:6 |       0 |     371 |   0.0 |       0 |      13 |   0.0 |   613
           D:7 |       0 |    2221 |   0.0 |       0 |      38 |   0.0 |   833
           D:8 |       0 |    3639 |   0.0 |       0 |      33 |   0.0 |  1411
           D:9 |       0 |    3424 |   0.0 |       0 |      27 |   0.0 |   964
          D:10 |       0 |    4508 |   0.0 |       0 |      33 |   0.0 |   721
          D:11 |       0 |    4880 |   0.0 |       0 |      24 |   0.0 |  1399
          D:12 |       0 |    2913 |   0.0 |       0 |      29 |   0.0 |  1389
        Lair:1 |       0 |     371 |   0.0 |       0 |       4 |   0.0 |   446
               +---------+---------+-------+---------+---------+-------+---------
